 Dungeon Crawl Stone Soup version 0.31-a0-210-gccc998df9b (webtiles) character file.

Game seed: 6530131404522386053

252 qw the Chopper (level 6, -7/38 HPs)
             Began as a Gargoyle Fighter on June 30, 2023.
             Mangled by a gnoll
             ... wielding a +0 halberd
              (8 damage)
             ... on level 4 of the Dungeon.
             The game lasted 00:01:37 (2752 turns).

qw the Chopper (Gargoyle Fighter)                   Turns: 2752, Time: 00:01:37

Health: -7/38      AC: 11    Str: 21    XL:     6   Next: 14%
Magic:  6/6        EV:  9    Int:  9    God:
Gold:   111        SH:  4    Dex:  9    Spells: 5/5 levels left

rFire   . . .        Y - +0 war axe
rCold   . . .        c - +0 buckler
rNeg    + . .        b - +0 scale mail
rPois   inf          (no helmet)
rElec   +            (no cloak)
rCorr   +            (no gloves)
SInv    +            (no boots)
Will    .....        a - amulet of the acrobat Stlth
                     e - ring of resist corrosion
HPRegen 0.26/turn    h - ring of see invisible
MPRegen 0.10/turn

%: acrobat
@: about to teleport
A: sickness immunity, AC +4, negative energy resistance 1, electricity
resistance, torment resistance 1, petrification resistance
a: no special abilities


You were on level 4 of the Dungeon.
You visited 1 branch of the dungeon, and saw 4 of its levels.

You collected 111 gold pieces.


Innate Abilities, Weirdness & Mutations

You are immune to sickness and miasma.
Your stone body is resilient. (AC +4)
You are immune to poison.
You resist negative energy. (rN+)
You are resistant to electric shocks. (rElec)
You are resistant to unholy torment.
You are immune to petrification.


   Skills:
 - Level 4.1 Fighting
 - Level 5.2 Axes
 - Level 3.2 Armour
 + Level 0.4 Dodging
 - Level 3.2 Shields


You had 5 spell levels left.
You didn't know any spells.
Your spell library was empty.

Inventory:

Hand Weapons
 l - a +0 flail
 Y - a +0 war axe (weapon)
Armour
 b - a +0 scale mail (worn)
 c - a +0 buckler (worn)
 m - a +4 ring mail
Jewellery
 a - an amulet of the acrobat (around neck)
 e - a ring of resist corrosion (left hand)
 h - a ring of see invisible (right hand)
Scrolls
 g - a scroll of identify
 i - a scroll of revelation {unknown}
 p - a scroll of amnesia {unknown}
Potions
 d - a potion of might
 f - a potion of curing {unknown}
 j - a potion of heal wounds {unknown}
 k - a potion of resistance {unknown}
 o - a potion of mutation {unknown}

Dungeon Overview and Level Annotations

Branches:
Dungeon (4/15)
 Temple: D:4-7

Altars:
Gozag
Zin

Shops:
D:3 *


Message History

Enter note:
Enter note:
Enter note:
Enter note:
Enter note:
Enter note:
Enter note:
Enter note: You hit the gnoll but do no damage.
You closely miss the gnoll. You block the gnoll's attack.
You closely miss the gnoll. You slash the gnoll! You barely miss the gnoll.
The gnoll closely misses you. The gnoll hits you but does no damage.
The gnoll barely misses you.
You barely miss the gnoll.
The gnoll is heavily wounded.
You hit the gnoll. You closely miss the gnoll.
The gnoll hits you with a +0 flail. The gnoll barely misses you.
The gnoll closely misses you. x2; The gnoll barely misses you.
The gnoll hits you with a +0 flail. The gnoll hits you with a +0 flail!
You hit the gnoll.
The gnoll is severely wounded.
You hit the gnoll but do no damage. You hit the gnoll.
The gnoll hits you from afar with a +0 halberd!
The gnoll hits you with a +0 flail. The gnoll hits you but does no damage.
The gnoll barely misses you.
2750 ||| READING scroll of teleportation.
As you read the scroll of teleportation, it crumbles to dust.
You feel strangely unstable. The gnoll closely misses you.
You block the gnoll's attack. The gnoll barely misses you. x2
You barely miss the gnoll.
The gnoll is severely wounded.
You barely miss the gnoll. x2
The gnoll hits you but does no damage. The gnoll barely misses you.
The gnoll hits you with a +0 flail! The gnoll hits you but does no damage.
You closely miss the gnoll.
The gnoll is severely wounded.
You closely miss the gnoll. You hit the gnoll.
The gnoll hits you from afar with a +0 halberd!
You die...

#.###...### #.#
#(##..### #.# #.##.##
######.#### #.##.#
#....%....# ..##.#
#.........# ####.#
####.....)...#
###..####.....##..####
..........######..#
########### #@g#
.......# #.[g.g..!#
.......# #...g....#
.......# #........#
.......# #........#
.......### #........#
####.)...# #........#
####.....# #........#
.........#


You could see 4 gnolls.

Vanquished Creatures
  An ogre (D:4)
  A hound (D:4)
  A gnoll (D:1)
  5 adders
  A white imp (D:4)
  An ufetubus (D:4)
  4 orcs
  7 endoplasms
  5 giant cockroaches
  5 goblins
  6 hobgoblins
  3 jackals (D:1)
  8 quokkas
  7 ball pythons
  3 bats
  4 frilled lizards
  5 kobolds
  7 rats
74 creatures vanquished.

Notes
Turn   | Place    | Note
-------+----------+-------------------------------------------
     0 | D:1      | qw the Gargoyle Fighter began the quest for the Orb.
     0 | D:1      | Reached XP level 1. HP: 14/14 MP: 1/1
     0 | D:1      | 0 ||| qw: Version: 0.3-a-26-gee661ec
     0 | D:1      | 0 ||| qw: Game counter: 7303
     0 | D:1      | 0 ||| qw: Melee chars always use a shield: true
     0 | D:1      | 0 ||| qw: God list: Okawaru
     0 | D:1      | 0 ||| qw: Allow faded altars: false
     0 | D:1      | 0 ||| qw: Do Orc after clearing Dungeon:15 true
     0 | D:1      | 0 ||| qw: Do second Lair branch before Depths: true
     0 | D:1      | 0 ||| qw: Lair rune preference: random
     0 | D:1      | 0 ||| qw: Goals: Normal, Zot:1-4, Slime:5, God:TSO, Crypt,
                  | Tomb, Abyss, Pan, Hells, Win
     0 | D:1      | 0 ||| PLANNING D:1-11
     3 | D:1      | 3 ||| Stepping ~*~*~tactically~*~*~ (stealth).
    24 | D:1      | Reached skill level 2 in Axes
    24 | D:1      | Reached XP level 2. HP: 13/19 MP: 2/2
    70 | D:1      | 70 ||| DROPPING +0 whip.
   112 | D:1      | Found a faded altar of an unknown god.
   372 | D:1      | Reached skill level 3 in Axes
   408 | D:1      | Reached XP level 3. HP: 23/23 MP: 3/3
   696 | D:1      | 696 ||| UPGRADING to ring of resist corrosion.
   697 | D:1      | 697 ||| READING scroll labelled SESIOHE MUAFF.
   700 | D:1      | 700 ||| READING 2 scrolls labelled LIAQAS DEIMUXT.
   701 | D:1      | 701 ||| READING scroll labelled NUAFUM NIUKO.
   996 | D:2      | Reached XP level 4. HP: 28/28 MP: 4/4
  1043 | D:2      | 1043 ||| Stepping ~*~*~tactically~*~*~ (stealth).
  1218 | D:2      | 1218 ||| Stepping ~*~*~tactically~*~*~ (hiding).
  1439 | D:2      | Reached skill level 4 in Axes
  1734 | D:2      | 1734 ||| UPGRADING to ring of see invisible.
  1735 | D:2      | 1735 ||| READING 2 scrolls of identify.
  1735 | D:2      | 1735 ||| IDENTIFYING grey potion
  1736 | D:2      | 1736 ||| DROPPING potion of degeneration.
  1838 | D:3      | 1838 ||| Stepping ~*~*~tactically~*~*~ (stealth).
  1885 | D:3      | Found an opulent altar of Gozag.
  1901 | D:3      | Found Gozag's Platinum Reserve.
  1912 | D:3      | 1912 ||| SHOPLISTING +3 leather armour of Wietegal {rElec
                  | rF- rCorr Slay+5} (5060 gold, have 61).
  1912 | D:3      | 1912 ||| SHOPLISTING +5 ring mail of Wiaricaj {+Blink}
                  | (4300 gold, have 61).
  1912 | D:3      | 1912 ||| SHOPLISTING amulet "Ocolonow" {Reflect -Tele rCorr
                  | SH+5 Stlth+} (3840 gold, have 61).
  1912 | D:3      | 1912 ||| SHOPLISTING ring of Thoughtfulness {rF+ rN+ Will+}
                  | (3960 gold, have 61).
  1998 | D:3      | 1998 ||| Stepping ~*~*~tactically~*~*~ (stealth).
  1999 | D:3      | 1999 ||| Stepping ~*~*~tactically~*~*~ (stealth).
  2001 | D:3      | 2001 ||| Stepping ~*~*~tactically~*~*~ (stealth).
  2074 | D:3      | 2074 ||| Stepping ~*~*~tactically~*~*~ (stealth).
  2076 | D:3      | 2076 ||| Stepping ~*~*~tactically~*~*~ (stealth).
  2077 | D:3      | 2077 ||| Stepping ~*~*~tactically~*~*~ (stealth).
  2093 | D:3      | 2093 ||| Stepping ~*~*~tactically~*~*~ (stealth).
  2094 | D:3      | 2094 ||| Stepping ~*~*~tactically~*~*~ (stealth).
  2190 | D:3      | 2190 ||| UPGRADING to amulet of the acrobat.
  2195 | D:3      | 2195 ||| DROPPING ring of magical power.
  2196 | D:3      | 2196 ||| READING scroll labelled LIBRYU VELEGG.
  2220 | D:4      | Noticed an ogre
  2228 | D:4      | Killed an ogre
  2229 | D:4      | Reached skill level 5 in Axes
  2229 | D:4      | Reached XP level 5. HP: 31/32 MP: 5/5
  2230 | D:4      | 2230 ||| Stepping ~*~*~tactically~*~*~ (stealth).
  2231 | D:4      | Found a glowing silver altar of Zin.
  2234 | D:4      | 2234 ||| Stepping ~*~*~tactically~*~*~ (stealth).
  2327 | D:4      | 2327 ||| DROPPING +0 mace.
  2350 | D:4      | Reached XP level 6. HP: 38/38 MP: 6/6
  2580 | D:4      | Identified the +6 short sword of Ashenzari {holy, Stlth+}
  2749 | D:4      | HP: 7/38 [gnoll/+0 flail (5)]
  2750 | D:4      | 2750 ||| READING scroll of teleportation.
  2751 | D:4      | HP: 1/38 [gnoll/+0 flail (7)]
  2752 | D:4      | Mangled by a gnoll

Levels and vault maps discovered:
D:1:      erik_arrival_blinker_ship, layout_basic, ebering_ecumenical_altar_hall
D:2:      layout_loops_corners
D:3:      layout_rooms, nicolae_gozag_zags_fifth_avenue
D:4:      layout_rooms, general_overflow_altar, kennysheep_generic_room_3

Skill      XL: |  1  2  3  4  5 |
---------------+----------------+-----
Axes           | 2 3 5 |  5.2
Fighting       | 4 |  4.1
Armour         | |  3.2
Dodging        | |  0.4
Shields        | |  3.2

Action                     |  1- 3 |  4- 6 || total
---------------------------+-------+-------++-------
  Melee: War axe           |    92 |   141 ||   233
    Use: Scroll            |     3 |     3 ||     6
 Armour: Scale mail        |    39 |    49 ||    88
  Dodge: Dodged            |    46 |    66 ||   112
  Block: Buckler           |    15 |    26 ||    41

Table legend:
 A = Non-vault XP
 B = Vault XP
 C = Vault XP percentage of total XP
 D = Non-vault monster count
 E = Vault monster count
 F = Vault count percentage of total count
                 A         B        C        D         E       F
            +---------+---------+-------+---------+---------+-------
      Total |     355 |       6 |   1.7 |      72 |       2 |   2.7
            +---------+---------+-------+---------+---------+-------
        D:1 |      46 |       0 |   0.0 |      20 |       0 |   0.0
        D:2 |      73 |       0 |   0.0 |      23 |       0 |   0.0
        D:3 |      35 |       0 |   0.0 |      15 |       0 |   0.0
        D:4 |     201 |       6 |   2.9 |      14 |       2 |  12.5
            +---------+---------+-------+---------+---------+-------
